 Dungeon Crawl Stone Soup version 0.28.0-47-ge53b351184 (webtiles) character file.

Game seed: 14275469324853953094

296 NinjaNoafa the Skirmisher (level 6, -8/57 HPs)
             Began as a Minotaur Monk on Apr 27, 2022.
             Mangled by an ogre
             ... wielding a +0 giant spiked club
              (19 damage)
             ... on level 3 of the Dungeon.
             The game lasted 00:03:53 (2652 turns).

NinjaNoafa the Skirmisher (Minotaur Monk)           Turns: 2652, Time: 00:03:54

Health: -8/57      AC:  2    Str: 14 (17) XL:     6   Next: 12%
Magic:  5/5        EV: 12    Int:  4 (7)  God:
Gold:   77         SH:  0    Dex: 12 (13) Spells: 5/5 levels left

rFire   + . .      SeeInvis .   a - +0 mace
rCold   + . .      Faith    .   (no shield)
rNeg    . . .      Spirit   .   b - +0 robe
rPois   +          Reflect  .   (helmet restricted)
rElec   +          Harm     .   (no cloak)
rCorr   +          Rampage  .   (no gloves)
Will    .....                   (no boots)
Stlth   ++........              (no amulet)
HPRegen 0.19/turn               (no ring)
MPRegen 0.09/turn               (no ring)

@: mighty, resistant, attractive
A: horns 2, retaliatory headbutt, talons 1, MP-powered wands, devolution 1
a: no special abilities


You were on level 3 of the Dungeon.
You visited 1 branch of the dungeon, and saw 3 of its levels.

You collected 77 gold pieces.

Inventory:

Hand Weapons
 a - a +0 mace (weapon)
 m - a +1 dagger of venom
Missiles
 d - 154 stones (quivered)
Armour
 b - a +0 robe (worn)
Scrolls
 c - 2 scrolls of identify {unknown}
 f - 2 scrolls of amnesia {unknown}
 h - a scroll of teleportation {unknown}
 i - a scroll of fog {unknown}
 k - a scroll of magic mapping {unknown}
 l - a scroll of enchant armour {unknown}
 n - a scroll of vulnerability {unknown}
 p - a scroll of noise {unknown}
 s - a scroll of blinking {unknown}


   Skills:
 + Level 6.1 Fighting
 - Level 5.0 Maces & Flails
 + Level 4.1 Armour
 - Level 3.2 Dodging
 - Level 1.5 Stealth


You had 5 spell levels left.
You didn't know any spells.
Your spell library contained the following spells:

 Spells                   Type           Power      Damage    Failure   Level
 Sandblast                Erth           0%         2d4       50%         1
 Static Discharge         Conj/Air       0%         N/A       65%         2
 Lightning Bolt           Conj/Air       0%         1d11      100%        5
 Maxwell's Capacitive Co  Air            0%         ∞         100%        8


Dungeon Overview and Level Annotations

Branches:
Dungeon (3/15)

Altars:

Shops:
D:3 =


Innate Abilities, Weirdness & Mutations

You have a pair of horns on your head.
You reflexively headbutt those who attack you in melee.
You have sharp toenails.
You expend magic power (3 MP) to strengthen your wands.
You have hidden genetic defects.


Message History

It was a potion of attraction.
You feel attractive to monsters. The gnoll hits you with a +0 club.
The gnoll is attracted toward you. x3
It was a potion of mutation.
You feel extremely strange.
You feel a hidden malignance growing inside you.
Your toenails lengthen and sharpen.
You feel your magical essence link to the dungeon's wands.
The gnoll barely misses you.
It was a potion of curing.
You feel better. The gnoll misses you. The gnoll is attracted toward you.
You feel very mighty all of a sudden. The gnoll hits you with a +0 spear!
The gnoll barely misses you.
You sock the gnoll! You claw the gnoll.
You kill the gnoll!
The gnoll barely misses you. The gnoll hits you with a +0 flail!
Your Armour skill increases to level 4!
You sock the gnoll! Your kick misses the gnoll. You punch the gnoll.
The gnoll is severely wounded.
The gnoll hits you but does no damage. The gnoll hits you with a +0 flail!
You sock the gnoll!
You kill the gnoll!
The gnoll misses you. The gnoll barely misses you.
The gnoll closely misses you.
You barely miss the gnoll. Your kick misses the gnoll.
The gnoll is severely wounded.
The gnoll hits you with a +0 club. The gnoll barely misses you.
You furiously retaliate!
You headbutt the gnoll. The gnoll hits you with a +0 club.
You hit the gnoll but do no damage. Your kick misses the gnoll.
The gnoll is severely wounded.
The gnoll closely misses you. You furiously retaliate!
You headbutt the gnoll!
You kill the gnoll!
The gnoll hits you with a +0 club.
Okay, then.
You sock the ogre!
The ogre is moderately wounded.
The gnoll hits you with a +0 club!
* * * LOW HITPOINT WARNING * * *
The ogre hits you with a +0 giant spiked club!!
You die...

#...###.##.#
#....##.##.#
#..........#
#....##.####
#....#..#
#......##
#....###
#.##...# #.
#.#@## ..
#.#Og#
#.##.#
#.##).#
........
...##.....
#.. .......
#. .......
## .......


You could see an ogre and a gnoll.

Vanquished Creatures
  Grinder (D:3)
  4 gnolls
  An adder (D:2)
  A worm (D:2)
  A dart slug (D:1)
  4 ball pythons
  8 endoplasms
  2 giant cockroaches
  8 goblins
  6 hobgoblins
  A quokka (D:1)
  4 frilled lizards
  5 kobolds
  2 rats (D:1)
48 creatures vanquished.

Vanquished Creatures (others)
  2 plants (D:2)
2 creatures vanquished.

Grand Total: 50 creatures vanquished

Notes
Turn   | Place    | Note
-------+----------+-------------------------------------------
     0 | D:1      | NinjaNoafa the Minotaur Monk began the quest for the Orb.
     0 | D:1      | Reached XP level 1. HP: 19/19 MP: 0/0
   427 | D:1      | Reached skill level 1 in Armour
   427 | D:1      | Reached XP level 2. HP: 25/27 MP: 1/1
   562 | D:1      | Reached skill level 4 in Fighting
   609 | D:1      | Found a faded altar of an unknown god.
   660 | D:1      | Got Plato's Disquisition on Stones
   745 | D:1      | Reached XP level 3. HP: 33/33 MP: 2/2
  2273 | D:2      | Reached XP level 4. HP: 38/41 MP: 3/3
  2415 | D:3      | Found Etek's Jewellery Emporium.
  2495 | D:3      | Noticed Grinder
  2509 | D:3      | Killed Grinder
  2510 | D:3      | Reached skill level 6 in Fighting
  2510 | D:3      | Reached skill level 5 in Maces & Flails
  2510 | D:3      | Reached XP level 5. HP: 37/50 MP: 4/4
  2510 | D:3      | Reached XP level 6. HP: 42/57 MP: 5/5
  2640 | D:3      | Gained mutation: You have hidden genetic defects. [potion
                  | of mutation]
  2640 | D:3      | Gained mutation: You have sharp toenails. [potion of
                  | mutation]
  2640 | D:3      | Gained mutation: You expend magic power (3 MP) to
                  | strengthen your wands. [potion of mutation]
  2652 | D:3      | Mangled by an ogre

Illustrated notes

Levels and vault maps discovered:
D:1:      dpeg_arrival_morbid_curiosity, layout_basic,
          shapermc_ecumenical_altar_rom_forum, minmay_close_crescents
D:2:      cheibrodos_old_hovel, layout_basic
D:3:      layout_rooms, serial_shops, shop, uniq_grinder

Skill      XL: |  1  2  3  4  5  6 |
---------------+-------------------+-----
Armour         | 1 2 3 4 |  4.1
Fighting       | 4 6 |  6.1
Maces & Flails | 4 5 |  5.0
Dodging        | |  3.2
Stealth        | |  1.5

Action                   |  1- 3 |  4- 6 || total
-------------------------+-------+-------++-------
Melee: Mace              |    66 |    15 ||    81
       Headbutt          |    13 |     2 ||    15
       Kick              |       |     1 ||     1
       Punch             |       |     1 ||     1
Throw: Stone             |    16 |       ||    16
  Use: Potion            |       |     8 ||     8
 Stab: Sleeping          |     5 |       ||     5
Armor: Robe              |     5 |     2 ||     7
Dodge: Dodged            |    45 |    16 ||    61
